 Dungeon Crawl Stone Soup version 0.24.0-2-g5b39cebb1c (webtiles) character file.

Game seed: 17043958095204997383, levelgen mode: deterministic

457 Peloso the Covered (level 6, 0/53 HPs)
             Began as a Minotaur Fighter on Oct 31, 2019.
             Slain by Menkaure (16 damage)
             ... on level 4 of the Dungeon.
             The game lasted 00:07:18 (3520 turns).

Peloso the Covered (Minotaur Fighter)               Turns: 3520, Time: 00:07:19

Health: 0/53       AC: 10    Str: 21    XL:     6   Next: 77%
Magic:  5/5        EV:  6    Int:  5    God:
Gold:   363        SH: 10    Dex: 11    Spells: 5/5 levels left

rFire    . . .     SeeInvis .   a - +0 long sword
rCold    . . .     Gourm    .   c - +0 shield
rNeg     . . .     Faith    .   b - +0 chain mail
rPois    .         Spirit   .   (helmet restricted)
rElec    .         Reflect  .   (no cloak)
rCorr    .         Harm     .   (no gloves)
MR       .....                  (no boots)
Stlth    ..........             (no amulet)
HPRegen  0.17/turn              (no ring)
MPRegen  0.09/turn              (no ring)

@: no status effects
A: retaliatory headbutt, horns 2
a: no special abilities


You were on level 4 of the Dungeon.
You were hungry.

You visited 2 branches of the dungeon, and saw 5 of its levels.

You collected 363 gold pieces.

Inventory:

Hand Weapons
 a - a +0 long sword (weapon)
Armour
 b - a +0 chain mail (worn)
 c - a +0 shield (worn)
Jewellery
 j - a +4 ring of evasion {unknown}
Scrolls
 e - a scroll of enchant weapon {unknown}
 g - 5 scrolls of identify {unknown}
 h - a scroll of amnesia {unknown}
 i - a scroll of teleportation {unknown}
 k - a scroll of immolation {unknown}
 l - 4 scrolls of remove curse {unknown}
 m - a scroll of magic mapping {unknown}
Potions
 d - a potion of might
Comestibles
 f - 7 rations


   Skills:
 + Level 4.5 Fighting
 + Level 4.8 Long Blades
 + Level 6.2 Armour
 + Level 1.2 Dodging
 + Level 0.1 Stealth
 + Level 5.5 Shields


You had 5 spell levels left.
You didn't know any spells.
Your spell library contained the following spells:

 Spells                   Type           Power        Failure   Level  Hunger
 Animate Skeleton         Necr           N/A          100%        1    ##.....
 Pain                     Necr           #...         100%        1    ##.....
 Regeneration             Chrm/Necr      #.........   100%        3    ####...
 Vampiric Draining        Necr           #.........   100%        3    ####...
 Animate Dead             Necr           N/A          100%        4    #####..


Dungeon Overview and Level Annotations

Branches:
Dungeon (4/15)             Temple (1/1) D:4

Altars:
Ashenzari
Cheibriados
Elyvilon
Fedhas
Hepliaklqana
Kikubaaqudgha
Makhleb
Nemelex Xobeh
Ru
Uskayaw
Vehumet
Wu Jian
Xom
Yredelemnul
Zin
The Shining One

Annotations:
D:3 2 runed translucent doors, Mrkan's ghost, amateur HuFi
D:4 Menkaure


Innate Abilities, Weirdness & Mutations

You reflexively headbutt those who attack you in melee.
You have a pair of horns on your head.


Message History

You hit Menkaure but do no damage.
Menkaure is lightly damaged.
Menkaure closely misses you.
Your shield prevents you from hitting Menkaure.
You headbutt Menkaure.
Menkaure is moderately damaged.
Menkaure mumbles in an indecipherable tongue.
You block Menkaure's attack.
You hit Menkaure but do no damage.
Menkaure is moderately damaged.
Menkaure hits you!
You hit Menkaure but do no damage.
Menkaure is moderately damaged.
Menkaure hits you!!
You hit Menkaure but do no damage.
Menkaure is moderately damaged.
You barely miss Menkaure. You headbutt Menkaure.
Menkaure is heavily damaged.
Menkaure hits you!
You die...

##...#.............# ##..
#.#............## ##
##...##...§≈≈.........##.#
###..#...#.≈§§≈≈.......##..#
....#...#.≈≈≈§≈≈§.........###
.... #..≈§≈>≈§§#.#........##
..## ##..≈§≈≈§§§#...........#
...####..#.≈§§§≈...##.#...###
....#.......§≈≈.@..#........#
........#.#...#..M....$.......
....(...#....##.............##
.......................###..#
..................#..#.# .#
....................##... #
..#..........##......#.###
.#.......#............##
.#........). ...)....


You could see Menkaure.

Vanquished Creatures
  An ogre (Temple)
  A scorpion (D:4)
  A howler monkey (D:3)
  An orc wizard (D:4)
  Terence (D:3)
  4 gnolls (D:2)
  9 adders
  An ooze (D:1)
  2 worms (D:2)
  3 dart slugs
  4 leopard geckos
  8 orcs
  3 ball pythons (D:2)
  7 giant cockroaches
  7 goblins
  4 hobgoblins
  9 jackals
  3 quokkas
  9 bats
  8 frilled lizards
  3 kobolds
  8 rats
97 creatures vanquished.

Vanquished Creatures (others)
  6 toadstools (D:3)
6 creatures vanquished.

Grand Total: 103 creatures vanquished

Notes
Turn   | Place    | Note
-------+----------+-------------------------------------------
     0 | D:1      | Peloso the Minotaur Fighter began the quest for the Orb.
     0 | D:1      | Reached XP level 1. HP: 19/19 MP: 0/0
    62 | D:1      | Reached XP level 2. HP: 26/27 MP: 1/1
    94 | D:1      | Reached skill level 4 in Armour
   368 | D:1      | Reached XP level 3. HP: 33/33 MP: 2/2
  1222 | D:2      | Found a shattered altar of Ashenzari.
  1253 | D:2      | Reached XP level 4. HP: 22/40 MP: 3/3
  1266 | D:2      | HP: 2/40 [gnoll/+0 spear (8)]
  1674 | D:2      | Reached XP level 5. HP: 27/46 MP: 4/4
  1837 | D:2      | Found a glowing golden altar of the Shining One.
  1901 | D:3      | Reached skill level 5 in Armour
  1965 | D:3      | Noticed Terence
  2009 | D:3      | Killed Terence
  2009 | D:3      | Reached skill level 5 in Shields
  2556 | D:3      | Found a large runed translucent door.
  2558 | D:3      | Found a large runed translucent door.
  2560 | D:3      | Noticed Mrkan's ghost (amateur HuFi)
  2805 | D:4      | Reached XP level 6. HP: 53/53 MP: 5/5
  2825 | D:4      | Found a staircase to the Ecumenical Temple.
  2837 | Temple   | Entered the Ecumenical Temple
  2981 | D:4      | Reached skill level 6 in Armour
  2981 | D:4      | Reached skill level 1 in Dodging
  3264 | D:4      | Noticed Menkaure
  3520 | D:4      | Slain by Menkaure

Levels and vault maps discovered:
D:1:      giann_forest_graveyard, layout_loops_ring, minmay_cut_off
D:2:      minmay_chambers_of_twos, layout_rooms, nicolae_tso_swordbearing_angel,
          nicolae_overflow_hidden_temple, corexii_leaking_fountain
D:3:      layout_basic, ebering_ghost_disaster_area, minmay_gold_behind_fungi,
          uniq_terence
D:4:      layout_layer_cave, minmay_temple_entry_mist, first_ration,
          uniq_menkaure
Temple:   jpeg_temple_clearing

Skill      XL: |  1  2  3  4  5  6 |
---------------+-------------------+-----
Fighting       | 4 |  4.5
Armour         | 4 5 6 |  6.2
Shields        | 4 5 |  5.5
Long Blades    | 3 4 |  4.8
Dodging        | 1 |  1.2
Stealth        | |  0.1

Action                   |  1- 3 |  4- 6 || total
-------------------------+-------+-------++-------
Melee: Long sword        |   114 |   156 ||   270
       Headbutt          |    24 |    29 ||    53
  Use: Potion            |     3 |     2 ||     5
  Eat: Chunk             |     1 |     7 ||     8
Armor: Scale mail        |    15 |       ||    15
       Chain mail        |    51 |    72 ||   123
Dodge: Dodged            |    32 |    50 ||    82
Block: Shield            |    84 |    92 ||   176
       Rpst.: Long sword |     8 |    12 ||    20
